[Event "Tirnavia Reti Memorial-IM 2022"]
[Site "Trnava"]
[Date "2022.08.10"]
[Round "1.6"]
[White "Skreno, Vladimir"]
[Black "Papp, Levente"]
[Result "1-0"]
[ECO "A46"]
[WhiteElo "2083"]
[BlackElo "2394"]
[Annotator "TA"]
[PlyCount "181"]
[EventDate "2022.08.10"]
[EventType "tourn"]
[EventCountry "SVK"]
[SourceTitle "playchess.com"]
[Source "ChessBase"]
[SourceQuality "1"]
[TimeControl "40/5400+30:1800+30"]

1. d4 Nf6 2. Nf3 e6 3. Bg5 c5 4. c3 Qb6 5. Qb3 Ne4 6. e3 {[%emt 0:07:33] A46: 1 d4 Nf6 2 Nf3 e6: Torre, London and Colle Systems.} Nxg5 7. Nxg5 Qc7 8. Nd2 {[%emt 0:02:37] [#] The position is equal.} d5 $146 ({Predecessor:} 8... Be7 9. Ngf3 b6 10. Rd1 Bb7 11. Bd3 Nc6 12. O-O O-O 13. Rfe1 d5 14. Bb1 c4 {0-1 (61) Kreindl,H (2200)-Porper,E (2479) Vienna 2006}) 9. Bb5+ Nc6 10. O-O Bd6 11. dxc5 Bxh2+ 12. Kh1 {[%emt 0:00:18] And now g3 would win.} Be5 13. Ngf3 (13. e4 $5 ) 13... Bf6 14. c4 O-O 15. cxd5 exd5 16. a3 (16. Qxd5 $11 Rd8 17. Qe4) 16... Ne5 17. Rac1 Bf5 18. Rfd1 (18. Be2 $11) 18... Rad8 (18... Ng4 $5 19. Kg1 Bh4 $1 $15) 19. Be2 (19. Kg1 $11) 19... Rfe8 $2 (19... Ng4 $19 20. Kg1 Bh4 $1) 20. Nf1 (20. Nxe5 $11 Rxe5 21. Nf3) 20... Be6 (20... Nc6 $1 $15) 21. Nd4 $11 Bg4 22. Qc2 (22. Bxg4 $14 Nxg4 23. Rc2) 22... Qd7 23. b4 Nc4 24. a4 Bxe2 25. Nxe2 {[%emt 0:02:32] Pair of Knights!} Nb2 26. Rd2 Qxa4 (26... Nc4 $5 27. Rd3 Ne5 $11) 27. Qxa4 Nxa4 28. Ra2 Nb2 $36 {[%emt 0:00:11][%cal Ba4b2,Bb2d3,Bd3f2,Bf2g4,Bg4e3,Be3c4,Bc4d6][%mdl 2080] Black is pushing.} 29. Rxa7 Nd3 30. Rb1 Nxf2+ 31. Kg1 Ng4 32. Rxb7 Nxe3 33. c6 (33. Nxe3 $11 {keeps the balance.} Rxe3 34. Kf1) 33... Nc4 34. c7 (34. Nf4 $142) 34... Rc8 ({Don't take} 34... Rxe2 35. cxd8=N Bxd8 36. Rd1 $14) 35. Nf4 Nd6 36. Rb8 Rxb8 37. cxb8=Q Rxb8 38. Nxd5 Bd4+ 39. Kh1 Rb5 40. Nfe3 g6 41. Rd1 Bxe3 42. Nxe3 $17 {[%emt 0:00:14][%mdl 4096] Endgame KRN-KRN} Ne4 {[%emt 0:00:16] White must now prevent ...Nf2+.} 43. Rd4 Nf6 44. Kg1 Kf8 45. Kf1 Ke7 46. Ke2 Ke6 47. Kd3 h5 48. Kc4 Re5 49. Rd3 Nd7 (49... Ne4 $142 50. Kb3 Rg5) 50. Ra3 Re4+ 51. Kb5 Rd4 (51... h4 $17 52. Ra6+ Ke5 53. Nc4+ Kf4) 52. Nc4 h4 53. Re3+ Kf6 54. Rf3+ Kg7 (54... Ke7 $17 {...f5 is the strong threat.} 55. Re3+ Kd8) 55. Rc3 $2 (55. Rf2 $11 {and White is okay.}) 55... Nf6 $2 (55... f5 $19 {Threatens to win with ...f4.} 56. Ka5 f4) 56. Ka5 (56. Kc6 $11 {remains equal.}) 56... Nd5 $1 57. Rc1 (57. Rc2 $15) 57... Re4 58. Rc2 {[%emt 0:02:00] Against Re2} Re1 ({Black should play} 58... Re8 $1 $17 {aiming for ...Ra8+.} 59. Ka4 Rc8) 59. Rd2 $15 Ra1+ 60. Kb5 Nc3+ 61. Kc6 Ra8 ({Black should try} 61... Ra4 $15 62. Rb2 g5) 62. Nb6 (62. Nd6 $5 ) 62... Re8 63. Rc2 (63. Nd5 $11) 63... Re6+ $17 64. Kc5 (64. Kb7 $142 Nb5 65. Nd5) 64... Ne4+ 65. Kb5 g5 66. Nc4 Re8 67. Kc6 Rc8+ 68. Kd5 Nf6+ 69. Kd6 Rb8 70. Rb2 (70. Kc5 $142) 70... Ne4+ (70... Rd8+ $17 71. Kc5 Ne4+ 72. Kc6 Rc8+ 73. Kd5 Nf6+ 74. Kd4 Rd8+ 75. Kc5 Ne4+ 76. Kb6 Rd4) 71. Kc7 $11 Rb5 72. Kc6 Rf5 73. Ne3 Rf6+ 74. Kc7 Nc3 75. b5 Re6 76. Nc4 Nd5+ 77. Kd7 Re4 78. Nd6 Nf6+ 79. Kc6 Re1 $1 80. Rc2 {[%emt 0:00:37] Inhibits Rc1.} Rb1 81. b6 Nd5 $1 82. Nf5+ Kg6 83. Kxd5 Kxf5 {[%emt 0:00:08] KR-KR} 84. Kc6 Kg4 85. Rc5 {[%emt 0:00:33] Strongly threatening b7.} f5 86. Rb5 Rc1+ 87. Kd7 {[%emt 0:00:07] Intending b7 and mate.} Ra1 $2 (87... Rd1+ $11 88. Ke7 Re1+ 89. Kd8 Rd1+ 90. Kc8 Rc1+ 91. Kd7 Rd1+ 92. Ke7 Re1+ 93. Kf7 Rd1) 88. b7 {[%emt 0:00:34] White mates.} Ra7 {[%emt 0:00:10] [#]} 89. Ke6 $1 Rxb7 90. Rxb7 f4 {[%emt 0:00:09] [#]} 91. Rb3 $1 {[%emt 0:00:35] White used his chance.  Weighted Error Value: White=0.36/Black=0.24 (precise)} 1-0

[Event "Tirnavia Reti Memorial-IM 2022"]
[Site "Trnava"]
[Date "2022.08.10"]
[Round "1.7"]
[White "Straka, Jozef"]
[Black "Petran, Peter"]
[Result "1-0"]
[ECO "A42"]
[WhiteElo "2300"]
[BlackElo "2234"]
[Annotator "RC"]
[PlyCount "103"]
[EventDate "2022.08.10"]
[EventType "tourn"]
[EventCountry "SVK"]
[SourceTitle "playchess.com"]
[Source "ChessBase"]
[SourceQuality "1"]
[TimeControl "40/5400+30:1800+30"]

1. d4 g6 2. c4 Bg7 3. e4 d6 4. Nc3 e5 5. d5 Nd7 6. h4 h6 7. h5 g5 8. g4 a5 9. Nge2 Nc5 10. Ng3 Nf6 11. Be2 Bd7 12. Be3 Bf8 13. O-O b6 14. b3 Bg7 15. f3 O-O 16. Qd2 Kh7 17. Kg2 Ng8 18. Bd1 Qf6 19. a3 Rfb8 20. Bc2 Qd8 21. Rfb1 Bf8 22. b4 Nb7 23. Ba4 f6 24. Qc2 Qe8 25. Bxd7 Qxd7 26. Na4 Qd8 27. c5 dxc5 28. bxc5 bxc5 29. Nxc5 Bxc5 30. Bxc5 Nd6 31. Rc1 Ne7 32. Rab1 Rxb1 33. Rxb1 Rb8 34. Rc1 Rb7 35. Kh3 Qd7 36. Rb1 Rxb1 37. Qxb1 a4 38. Qb8 Nec8 39. Bb4 Kg7 40. Ba5 Ne8 41. Nf5+ Kh7 42. Bb4 c6 43. d6 Ng7 44. Nxg7 Kxg7 45. Qc7 Qxc7 46. dxc7 Kf7 47. Kg2 Ke8 48. Kf2 Kd7 49. Bf8 Kxc7 50. Bxh6 Kd7 51. Bf8 Ke8 52. Bc5 1-0

[Event "Tirnavia Reti Memorial-IM 2022"]
[Site "Trnava"]
[Date "2022.08.10"]
[Round "1.8"]
[White "Lanc, Alois"]
[Black "Skreko, Igor"]
[Result "1-0"]
[ECO "B50"]
[WhiteElo "2263"]
[BlackElo "2193"]
[Annotator "RC"]
[PlyCount "67"]
[EventDate "2022.08.10"]
[EventType "tourn"]
[EventCountry "SVK"]
[SourceTitle "playchess.com"]
[Source "ChessBase"]
[SourceQuality "1"]
[TimeControl "40/5400+30:1800+30"]

1. e4 c5 2. Nf3 d6 3. Bc4 Nf6 4. Qe2 e6 5. c3 Be7 6. Bb3 b6 7. O-O O-O 8. Rd1 Ba6 9. d3 Nc6 10. Bf4 d5 11. e5 Nd7 12. a4 Re8 13. Na3 Nf8 14. Nb5 Qd7 15. d4 c4 16. Bc2 Bxb5 17. axb5 Na5 18. h4 Ng6 19. Bd2 f5 20. exf6 Bxf6 21. h5 Ne7 22. Re1 Nc8 23. h6 Nd6 24. hxg7 Qxg7 25. g3 Re7 26. Bf4 Nxb5 27. Kg2 Qf8 28. Rh1 Nb7 29. Ng5 Bxg5 30. Bxg5 Ree8 31. Be7 Rxe7 32. Qg4+ Kh8 33. Bxh7 Rg7 34. Bf5+ 1-0

[Event "Tirnavia Reti Memorial-IM 2022"]
[Site "Trnava"]
[Date "2022.08.10"]
[Round "1.9"]
[White "Bures, Jaroslav"]
[Black "Konyves, Almos"]
[Result "1/2-1/2"]
[ECO "E42"]
[WhiteElo "2416"]
[BlackElo "2229"]
[Annotator "RC"]
[PlyCount "104"]
[EventDate "2022.08.10"]
[EventType "tourn"]
[EventCountry "SVK"]
[SourceTitle "playchess.com"]
[Source "ChessBase"]
[SourceQuality "1"]
[TimeControl "40/5400+30:1800+30"]

1. d4 Nf6 2. c4 e6 3. Nc3 Bb4 4. e3 b6 5. Nge2 c5 6. a3 Ba5 7. g3 Bb7 8. d5 b5 9. Bg2 bxc4 10. e4 exd5 11. exd5 O-O 12. O-O d6 13. Bf4 Nbd7 14. Bxd6 Re8 15. Qc2 Ne5 16. Bxc5 Nxd5 17. Nxd5 Bxd5 18. Rad1 Nd3 19. b4 Bxg2 20. Kxg2 Qd5+ 21. Kg1 Qe4 22. Nc3 Qf3 23. bxa5 Nxc5 24. Rd4 Ne6 25. Rxc4 Rac8 26. Ne2 Rxc4 27. Qxc4 Qxa3 28. Qc3 Qa2 29. Re1 Rd8 30. h4 h6 31. Nc1 Qd5 32. Re3 Qb7 33. Qb3 Qc7 34. Nd3 Qxa5 35. Ne5 Qd5 36. Qxd5 Rxd5 37. Nc6 Rd1+ 38. Kg2 Ra1 39. Rb3 a5 40. Rb8+ Kh7 41. h5 a4 42. Ne5 Ng5 43. f4 Ra2+ 44. Kg1 Ra3 45. Kh2 Nf3+ 46. Nxf3 Rxf3 47. Ra8 a3 48. Kg2 Rb3 49. f5 Rb2+ 50. Kf3 a2 51. Ra7 Kg8 52. Ra8+ Kh7 1/2-1/2

[Event "Tirnavia Reti Memorial-IM 2022"]
[Site "Trnava"]
[Date "2022.08.10"]
[Round "1.10"]
[White "Svana, Peter"]
[Black "Leszko, Bence"]
[Result "1/2-1/2"]
[ECO "D40"]
[WhiteElo "2280"]
[BlackElo "2241"]
[Annotator "RC"]
[PlyCount "138"]
[EventDate "2022.08.10"]
[EventType "tourn"]
[EventCountry "SVK"]
[SourceTitle "playchess.com"]
[Source "ChessBase"]
[SourceQuality "1"]
[TimeControl "40/5400+30:1800+30"]

1. d4 d5 2. Nf3 e6 3. c4 Nf6 4. Nc3 c5 5. e3 Nc6 6. a3 Be7 7. Be2 a6 8. dxc5 Bxc5 9. b4 Ba7 10. Bb2 O-O 11. O-O dxc4 12. Bxc4 b5 13. Bd3 Bb7 14. Rc1 Ne7 15. a4 bxa4 16. Nxa4 Ng6 17. Nc5 Bxf3 18. gxf3 Nd5 19. Be4 Bb8 20. f4 Qh4 21. Qd4 Qh6 22. Bxd5 exd5 23. f3 Nxf4 24. Rc2 Ng6 25. f4 Rd8 26. Kh1 Ne7 27. Rg2 Ng6 28. Rg5 Bc7 29. Rxd5 Ne7 30. Rxd8+ Rxd8 31. Qe4 Rd2 32. Rf2 Qh3 33. Rg2 Rd1+ 34. Rg1 Rd2 35. Rxg7+ Kf8 36. Rg2 Rxb2 37. Qa8+ Nc8 38. Ne6+ Ke7 39. Nxc7 Rb1+ 40. Rg1 Rxg1+ 41. Kxg1 Qxe3+ 42. Kg2 Qd2+ 43. Kg3 Qc3+ 44. Kg4 Qxc7 45. Qxa6 Nd6 46. Qe2+ Kd8 47. Qe5 Qc6 48. Qa5+ Ke8 49. Qe5+ Kd7 50. Qe2 f5+ 51. Kh5 Ne4 52. Qd1+ Ke8 53. Qg1 Kf8 54. h4 Qa6 55. b5 Qxb5 56. Qg7+ Ke8 57. Qh8+ Kd7 58. Qxh7+ Kc6 59. Qg6+ Nd6 60. Qg2+ Kc5 61. Qf2+ Kd5 62. Qg2+ Ne4 63. Qg8+ Kd4 64. Qg1+ Kd5 65. Qg8+ Kc5 66. Qg1+ Kc6 67. Qg6+ Nd6 68. Qg2+ Ne4 69. Qg6+ Kd7 1/2-1/2

[Event "Tirnavia Reti Memorial-IM 2022"]
[Site "Trnava"]
[Date "2022.08.11"]
[Round "2.6"]
[White "Papp, Levente"]
[Black "Leszko, Bence"]
[Result "1/2-1/2"]
[ECO "D34"]
[WhiteElo "2394"]
[BlackElo "2241"]
[Annotator "RC"]
[PlyCount "52"]
[EventDate "2022.08.10"]
[EventType "tourn"]
[EventCountry "SVK"]
[SourceTitle "playchess.com"]
[Source "ChessBase"]
[SourceQuality "1"]
[TimeControl "40/5400+30:1800+30"]

1. Nf3 d5 2. g3 Nf6 3. Bg2 e6 4. O-O Be7 5. c4 c5 6. cxd5 exd5 7. d4 O-O 8. Nc3 c4 9. Ne5 Nc6 10. Bf4 Bf5 11. e3 Rc8 12. g4 Be6 13. Bg3 Nxe5 14. dxe5 Nxg4 15. Nxd5 Bh4 16. Nf4 Bxg3 17. hxg3 Nxe5 18. Qd4 Qxd4 19. exd4 Nd3 20. Nxd3 cxd3 21. Rfd1 Bf5 22. Bf1 Rc2 23. Bxd3 Bxd3 24. Rxd3 Rxb2 25. d5 Rd8 26. Rc1 Rxa2 1/2-1/2

[Event "Tirnavia Reti Memorial-IM 2022"]
[Site "Trnava"]
[Date "2022.08.11"]
[Round "2.7"]
[White "Konyves, Almos"]
[Black "Svana, Peter"]
[Result "0-1"]
[ECO "A31"]
[WhiteElo "2229"]
[BlackElo "2280"]
[Annotator "RC"]
[PlyCount "76"]
[EventDate "2022.08.10"]
[EventType "tourn"]
[EventCountry "SVK"]
[SourceTitle "playchess.com"]
[Source "ChessBase"]
[SourceQuality "1"]
[TimeControl "40/5400+30:1800+30"]

1. d4 Nf6 2. c4 c5 3. Nf3 cxd4 4. Nxd4 e5 5. Nb5 d5 6. cxd5 Bc5 7. N5c3 O-O 8. g3 e4 9. e3 Bf5 10. Bg2 Re8 11. a3 Nbd7 12. Nd2 Rc8 13. O-O h5 14. b4 Bd6 15. Bb2 h4 16. Re1 Bb8 17. Qb3 Ne5 18. Ncxe4 Nxe4 19. Nxe4 Nc4 20. Nc5 Nxb2 21. Qxb2 Be5 22. Qa2 b6 23. Nb3 Rc2 24. Qb1 Qf6 25. Ra2 Rec8 26. Rxc2 Rxc2 27. Rf1 Rb2 28. Qd1 Bc2 29. Qc1 Bxb3 30. Qc8+ Kh7 31. Be4+ g6 32. Kg2 Kg7 33. Bf3 Rc2 34. Qg4 Rd2 35. e4 Bd4 36. Be2 Bc2 37. gxh4 Qe5 38. d6 Bxe4+ 0-1

[Event "Tirnavia Reti Memorial-IM 2022"]
[Site "Trnava"]
[Date "2022.08.11"]
[Round "2.8"]
[White "Skreko, Igor"]
[Black "Bures, Jaroslav"]
[Result "0-1"]
[ECO "E71"]
[WhiteElo "2193"]
[BlackElo "2416"]
[Annotator "RC"]
[PlyCount "82"]
[EventDate "2022.08.10"]
[EventType "tourn"]
[EventCountry "SVK"]
[SourceTitle "playchess.com"]
[Source "ChessBase"]
[SourceQuality "1"]
[TimeControl "40/5400+30:1800+30"]

1. d4 Nf6 2. c4 g6 3. Nc3 Bg7 4. e4 d6 5. h3 e5 6. dxe5 dxe5 7. Qxd8+ Kxd8 8. Bg5 h6 9. O-O-O+ Nbd7 10. Bh4 c6 11. Nf3 Kc7 12. g4 h5 13. g5 Nh7 14. Bg3 Re8 15. Na4 Nhf8 16. c5 b5 17. cxb6+ axb6 18. Nc3 Ne6 19. Bc4 Ba6 20. Bb3 Re7 21. Kb1 Nf4 22. Rd2 Nc5 23. Bc2 Rd8 24. Rhd1 Rxd2 25. Rxd2 Nxh3 26. b4 Nd7 27. b5 Bxb5 28. Nxb5+ cxb5 29. Rd5 Nf4 30. Bxf4 exf4 31. Rxb5 Ne5 32. Nh4 f6 33. gxf6 Bxf6 34. Ng2 g5 35. Bd1 h4 36. Ne1 g4 37. Be2 h3 38. Bf1 f3 39. Nxf3 Nxf3 40. Rf5 Nd2+ 41. Kc2 Nxf1 0-1

[Event "Tirnavia Reti Memorial-IM 2022"]
[Site "Trnava"]
[Date "2022.08.11"]
[Round "2.9"]
[White "Petran, Peter"]
[Black "Lanc, Alois"]
[Result "1/2-1/2"]
[ECO "A36"]
[WhiteElo "2234"]
[BlackElo "2263"]
[Annotator "RC"]
[PlyCount "31"]
[EventDate "2022.08.10"]
[EventType "tourn"]
[EventCountry "SVK"]
[SourceTitle "playchess.com"]
[Source "ChessBase"]
[SourceQuality "1"]
[TimeControl "40/5400+30:1800+30"]

1. g3 c5 2. Bg2 Nc6 3. c4 g6 4. Nc3 Bg7 5. a3 e6 6. b4 d6 7. Rb1 Nge7 8. Nf3 O-O 9. O-O Rb8 10. e3 b6 11. Qb3 h6 12. Bb2 e5 13. d3 Be6 14. Qa4 Qd7 15. Rfe1 Rbd8 16. e4 1/2-1/2

[Event "Tirnavia Reti Memorial-IM 2022"]
[Site "Trnava"]
[Date "2022.08.11"]
[Round "2.10"]
[White "Skreno, Vladimir"]
[Black "Straka, Jozef"]
[Result "0-1"]
[ECO "A46"]
[WhiteElo "2083"]
[BlackElo "2300"]
[Annotator "RC"]
[PlyCount "72"]
[EventDate "2022.08.10"]
[EventType "tourn"]
[EventCountry "SVK"]
[SourceTitle "playchess.com"]
[Source "ChessBase"]
[SourceQuality "1"]
[TimeControl "40/5400+30:1800+30"]

1. d4 Nf6 2. Nf3 e6 3. Bg5 d6 4. c4 h6 5. Bh4 g5 6. Bg3 Nh5 7. e3 Bg7 8. Nfd2 Nxg3 9. hxg3 c5 10. Nb3 Nc6 11. Nc3 cxd4 12. exd4 O-O 13. Qd2 e5 14. dxe5 dxe5 15. Nd5 Nd4 16. Nxd4 exd4 17. Bd3 Re8+ 18. Kf1 Be6 19. Nb4 Rc8 20. Rc1 Qa5 21. a3 Rc5 22. Re1 Rec8 23. Rxe6 fxe6 24. Qe2 Re5 25. Qh5 b5 26. Qg6 bxc4 27. Be4 Rxe4 28. Qxe4 Qf5 29. Qxf5 exf5 30. Nd5 Kf7 31. Ke2 d3+ 32. Kd2 Bxb2 33. Rxh6 c3+ 34. Nxc3 Bxc3+ 35. Kxd3 Bf6 36. Kd2 Rh8 0-1

[Event "Tirnavia Reti Memorial-IM 2022"]
[Site "Trnava"]
[Date "2022.08.12"]
[Round "3.1"]
[White "Sahidi, Samir"]
[Black "Malinovsky, Karel"]
[Result "0-1"]
[ECO "D37"]
[WhiteElo "2462"]
[BlackElo "2463"]
[Annotator "TA"]
[PlyCount "152"]
[EventDate "2022.08.10"]
[EventType "tourn"]
[EventCountry "SVK"]
[SourceTitle "playchess.com"]
[Source "ChessBase"]
[SourceQuality "1"]
[TimeControl "40/5400+30:1800+30"]

1. d4 d5 2. c4 e6 3. Nc3 Be7 4. Bf4 Nf6 5. e3 O-O 6. Nf3 b6 7. cxd5 Nxd5 8. Nxd5 {[%emt 0:01:39] D37: Queen's Gambit Declined: 5 Bf4.} Qxd5 9. Bxc7 Bb4+ 10. Nd2 {[%emt 0:00:08] The position is equal.} Nc6 11. a3 Bxd2+ 12. Qxd2 Na5 {[%emt 0:01:52] [#] Hoping for ...Nb3.} 13. Qc3 $146 ({Predecessor:} 13. Rd1 Bb7 14. Bg3 Rfc8 15. f3 Qb3 16. Bd3 Nc4 17. Bxc4 Rxc4 18. O-O Rc2 19. Qb4 Qxb4 20. axb4 Rxb2 {1-0 (25) Sarana,A (2649)-Bocharov,D (2517) Sochi 2021}) 13... Bb7 14. b4 $1 Nb3 15. Rb1 Rac8 16. Qxb3 ({Much worse is} 16. Rxb3 Qd7 17. Qb2 Qxc7 $15) 16... Qxb3 17. Rxb3 Rxc7 18. Kd2 {[%emt 0:01:29] Prevents Rc1.} Rfc8 {[%emt 0:01:05] Strongly threatening ...Rc2+.} 19. Bd3 {[%emt 0:00:08] Inhibits Rc2+.} Bxg2 20. Rg1 Bb7 21. a4 Kf8 22. a5 g6 23. Ra1 Ke7 24. axb6 axb6 25. Ra7 Kd6 26. e4 e5 27. d5 f5 28. f3 fxe4 29. fxe4 Rf8 30. Ke3 {[%emt 0:01:50] Against Rf2} Bxd5 31. Rxc7 Bxb3 32. Rxh7 $11 {[%emt 0:00:50][%mdl 4096] Endgame KRB-KRB} Be6 33. Bb5 Rf7 34. Rh6 Ke7 35. Bc6 Rg7 36. Bd5 Bd7 (36... Kd6 $11) 37. Rh8 g5 38. Rh6 b5 39. Bc6 g4 40. Bxd7 Kxd7 {[%emt 0:00:06] KR-KR} 41. Rb6 {[%emt 0:30:21] White threatens Rb7+ and mate.} Rf7 42. Rxb5 {[%emt 0:00:00] Intending Rb7+ and mate.} Rf3+ 43. Ke2 Ke6 44. Rb6+ Kf7 45. Rb7+ Kf6 46. Rb8 {[%emt 0:00:00] Rf8+ would kill now.} Rb3 47. Kd2 Kg5 48. b5 Kf4 49. b6 Kxe4 50. b7 Rd3+ 51. Ke2 Rd7 ({Much less strong is} 51... Rb3 52. Kf2 $16) 52. Kf2 Rf7+ 53. Kg3 Rg7 54. Kh4 Ke3 $1 55. Kg3 e4 56. Kg2 Rd7 57. Kg3 Rg7 58. Kh4 Ke2 59. Kh5 e3 60. Kh6 Rd7 61. Kg5 Kd2 {[%emt 0:00:31] White must now prevent ...e2.} 62. Kxg4 e2 63. Re8 Rxb7 64. Rd8+ Ke3 65. Re8+ Kf2 {[%emt 0:00:06] ( -> ...Rb4+)} 66. Rf8+ $2 {[%emt 0:00:24][%mdl 8192] This move loses the game for White.} (66. h4 $11) 66... Kg2 {[%emt 0:00:19] Black mates.} 67. Re8 Rb4+ 68. Kg5 Kf3 69. Rxe2 Kxe2 {[%emt 0:00:06] KR-KP} 70. h4 Kf3 $1 71. h5 Rb5+ $1 72. Kg6 Kg4 73. h6 Rb6+ 74. Kg7 Kg5 75. h7 {[%emt 0:00:09] [#]} Rb7+ $1 76. Kg8 {[%emt 0:00:08] [#]} Kg6 $1 {[%emt 0:00:15] Weighted Error Value: White=0.03 (flawless) /Black=0.03 (flawless)} 0-1

[Event "Tirnavia Reti Memorial-IM 2022"]
[Site "Trnava"]
[Date "2022.08.12"]
[Round "3.2"]
[White "Jablonicky, Martin"]
[Black "Stevik, Patrik"]
[Result "0-1"]
[ECO "B06"]
[WhiteElo "2343"]
[BlackElo "2126"]
[Annotator "TA"]
[PlyCount "62"]
[EventDate "2022.08.10"]
[EventType "tourn"]
[EventCountry "SVK"]
[SourceTitle "playchess.com"]
[Source "ChessBase"]
[SourceQuality "1"]
[TimeControl "40/5400+30:1800+30"]

1. e4 g6 2. d4 Bg7 3. Nc3 d6 4. Be3 a6 5. Qd2 b5 6. f3 Nd7 7. h4 h5 8. Nh3 Bb7 9. Ng5 Ngf6 10. O-O-O O-O {[%emt 0:02:41] B06: Modern Defence.} 11. a3 c5 $1 {[%emt 0:03:17] [#]} 12. Rg1 $146 (12. Kb1 $11) ({Predecessor:} 12. Be2 Rc8 13. g4 b4 14. Nb1 cxd4 15. Bxd4 b3 16. c3 Qa5 17. gxh5 Nxh5 18. Bxg7 Kxg7 {0-1 (29) Dahl,T (2169)-Chatalbashev,B (2546) Ballerup 2017}) 12... Qc7 $15 {[%emt 0:04:53] Black is slightly better.} 13. g4 b4 14. Nb1 hxg4 {[%emt 0:18:44] ...cxd4 is the strong threat.} 15. h5 Nxh5 16. axb4 cxd4 17. Bxd4 Bxd4 18. Qxd4 Rac8 {[%emt 0:00:30][%csl Gc8][%cal Rc7c2] [#]} 19. Nc3 g3 20. Bh3 ({White should play} 20. f4 $17) 20... a5 $1 21. bxa5 (21. b5 $1 $15) 21... Ra8 22. Bxd7 (22. b4 $17) 22... Qxd7 $19 23. b4 Rac8 24. Rh1 e5 (24... f6 25. Nh3 $17) 25. Qe3 (25. Qd2 {keeps fighting.} f6 26. Nh3 (26. a6 $2 Bxa6 27. Nh3 Rf7 $19)) 25... Nf4 {[%emt 0:06:27][%cal Oc8c3] aiming for ...Rxc3!} 26. Kb2 Rc4 {[%emt 0:00:27] Dancing on a razor blade.} 27. Qb6 (27. Nh7 Qc7 28. Nxf8 (28. Nf6+ $2 Kg7 $19) 28... Rxb4+ 29. Ka1 Qxa5+ 30. Na2) 27... Rc6 {[%emt 0:01:51] Black is clearly winning.} ({Stronger than} 27... Qc8 28. Nh7 Rxc3 29. Qxd6 $11) 28. Qb5 Qc7 29. Rxd6 Qxd6 30. Qxb7 {[%emt 0:00:14] [#]} Rxc3 $1 31. Kxc3 g2 {[%emt 0:00:40] Weighted Error Value: White=0.96/Black=0.06 (flawless)} 0-1

[Event "Tirnavia Reti Memorial-IM 2022"]
[Site "Trnava"]
[Date "2022.08.12"]
[Round "3.3"]
[White "Velicka, Petr"]
[Black "Finek, Vaclav"]
[Result "1/2-1/2"]
[ECO "B38"]
[WhiteElo "2384"]
[BlackElo "2393"]
[Annotator "TA"]
[PlyCount "94"]
[EventDate "2022.08.10"]
[EventType "tourn"]
[EventCountry "SVK"]
[SourceTitle "playchess.com"]
[Source "ChessBase"]
[SourceQuality "1"]
[TimeControl "40/5400+30:1800+30"]

1. e4 c5 2. Nf3 g6 3. c4 Bg7 4. d4 cxd4 5. Nxd4 Nc6 6. Be3 Nf6 7. Nc3 d6 8. Be2 O-O 9. O-O Bd7 10. Kh1 Nxd4 11. Bxd4 Bc6 {[%emt 0:00:05] B38: Sicilian: Maroczy Bind with 5...Bg7 and 7...0-0.} 12. Qd3 a5 13. b3 Nd7 {[%emt 0:04:26] White has an edge.} 14. Bxg7 Kxg7 15. f4 {[%emt 0:00:16] [#]} f6 $146 ({Predecessor:} 15... Qb6 16. Rab1 Qc5 17. Bg4 Nf6 18. Bh3 e5 19. Nd5 Bxd5 20. exd5 Rae8 21. Rbe1 exf4 {0-1 (32) Horvath,D (2417)-Gallego Alcaraz,A (2502) Caleta 2019}) 16. Rad1 Qb6 17. Bg4 Nc5 18. Qe3 a4 19. Rb1 axb3 20. axb3 Ra3 21. Bd1 Qb4 22. Bc2 (22. f5 $11) 22... e5 (22... Nxb3 $17 23. Nd5 Bxd5 24. exd5 Qd2 25. Qxe7+ Rf7 26. Qxd6 Ra6 27. Qxa6 bxa6 28. Bxb3 Rb7) 23. fxe5 dxe5 24. Ra1 (24. Nd5 $11 Bxd5 25. cxd5) 24... Ne6 (24... Nxb3 $2 25. Rxa3 Qxa3 26. Nb5 $18 (26. Nb1 Qb2 $16)) 25. Rxa3 Qxa3 26. Nd5 Nd4 27. Qc3 Bxd5 28. exd5 Ra8 29. Bd1 b6 30. Qh3 Qd6 {[%emt 0:00:41] Inhibits Qd7+.} 31. Qc3 Ra7 (31... b5 {seems wilder.} 32. g4 Ra2 33. g5 f5) 32. b4 Rc7 ({Black should play} 32... b5 {Threatens to win with ...bxc4.} 33. Bb3 bxc4 34. Bxc4 Rc7) 33. Bf3 $17 Nxf3 34. Rxf3 {[%emt 0:00:12][%mdl 4096] Endgame KQR-KQR} b5 35. c5 Qxd5 36. Rd3 {[%emt 0:00:11] Prevents Qd1+.} Qe4 (36... Qe6 $17) 37. h3 $15 h5 38. Rd6 Ra7 39. Qd2 $1 {[%emt 0:04:32] The position is equal.} Ra1+ 40. Kh2 g5 {[%emt 0:01:20] aiming for ...Qb1.} 41. Rxf6 $1 {[%emt 0:05:36][%mdl 64] [#] Decoy} Kxf6 42. Qd8+ Kf5 43. Qf8+ Ke6 (43... Kg6 $5 44. Qg8+ Kh6 45. Qh8+ Qh7 46. Qf6+ Qg6 47. Qh8+ Qh7 48. Qf6+ Qg6 49. Qh8+ Qh7 $11) 44. Qd6+ Kf7 45. Qd7+ Kf6 46. Qd8+ Kf7 {[%emt 0:00:31] [#] ( -> ...Qf4+)} 47. Qd7+ Kf6 {[%emt 0:00:21] Weighted Error Value: White=0.16 (very precise) /Black=0.12 (very precise)} 1/2-1/2

[Event "Tirnavia Reti Memorial-IM 2022"]
[Site "Trnava"]
[Date "2022.08.12"]
[Round "3.5"]
[White "Farkas, Gabor"]
[Black "Pechac, Jergus"]
[Result "0-1"]
[ECO "D77"]
[WhiteElo "2335"]
[BlackElo "2594"]
[Annotator "TA"]
[PlyCount "100"]
[EventDate "2022.08.10"]
[EventType "tourn"]
[EventCountry "SVK"]
[SourceTitle "playchess.com"]
[Source "ChessBase"]
[SourceQuality "1"]
[TimeControl "40/5400+30:1800+30"]

1. d4 Nf6 2. Nf3 g6 3. g3 d5 4. Bg2 Bg7 5. O-O O-O 6. c4 dxc4 7. Na3 a5 {[%emt 0:00:42] 7...c5 is becoming the main line.} 8. Nxc4 {[%emt 0:01:07] 8.Ne5 is vanishing. D77: Fianchetto Grünfeld: 6 0-0: Replies other than 6...c6.} a4 $5 {[%emt 0:00:00][%mdl 4] Leaves trodden paths.} 9. Bf4 Be6 {[%emt 0:03:03] [#]} 10. Ne3 $146 {[%emt 0:11:02] White is slightly better.} ({Predecessor:} 10. Nfe5 Bd5 11. f3 Bxc4 12. Nxc4 Nd5 13. Bc1 Nc6 14. e3 b5 15. Na3 b4 16. Nc4 {0-1 (31) Mikhalevski,V (2562)-Oparin,G (2681) Warsaw 2021}) 10... Nc6 11. Ne5 (11. Re1 $11 {remains equal.}) 11... Nxd4 $17 12. Bxb7 Ra7 13. Nc6 Nxc6 14. Bxc6 Nh5 {[%emt 0:01:05] [#] And now ...a3 would win.} 15. Qc2 (15. Bg5 $17 {is a better defense.}) 15... Nxf4 $19 16. gxf4 Qd4 17. f5 gxf5 18. Nxf5 Qg4+ ({Inferior is} 18... Qxb2 19. Rac1 $17) 19. Ng3 a3 20. bxa3 Bxa1 ({Weaker is} 20... Rxa3 21. Bf3 Qg5 22. Qc1 Qxc1 23. Raxc1 $17) 21. Rxa1 Rxa3 22. Qc5 Qg7 23. Rc1 Rxa2 24. Qxe7 Rxe2 25. Bf3 Ra2 26. Qxc7 Qd4 27. Qc5 Qxc5 28. Rxc5 Bh3 29. Bg2 (29. Rc1 $142) 29... Ra1+ 30. Nf1 Be6 {[%emt 0:00:12] [#] Threatens to win with ...Rc8.} 31. Rc2 (31. Bd5) 31... Rc8 32. Rxc8+ Bxc8 {[%emt 0:00:05][%mdl 4096] Endgame KRB-KBN} 33. f3 f5 34. Bh3 (34. f4 $142 Ra4 35. Ne3) 34... Ba6 {[%emt 0:00:16] ( -> ...Bxf1)} 35. Kf2 Bxf1 36. Bxf1 {[%emt 0:00:08] KR-KB} f4 {[%emt 0:00:11] Black mates.} 37. Kg2 Kg7 38. Bd3 h6 39. Kh3 Rg1 40. Kh4 Rg5 41. Be4 Kf6 42. Bd3 Ke5 43. Be4 Kd4 44. Bb7 Ke3 45. Be4 Kf2 46. Kh3 Rg2 47. Bd5 Kg1 48. Be6 h5 49. Kh4 Kxh2 50. Kxh5 Kg3 {[%emt 0:00:08] Weighted Error Value: White=0.34/Black=0.03 (flawless)} 0-1